 Dungeon Crawl Stone Soup version 0.21-a0-150-gc243083 (webtiles) character file.

434 KKCryptic the Poker (level 6, -6/51 HPs)
             Began as a Draconian Monk on July 27, 2017.
             Mangled by an ice beast (19 damage)
             ... on level 5 of the Dungeon.
             The game lasted 00:09:30 (4051 turns).

KKCryptic the Poker (Draconian Monk)                Turns: 4051, Time: 00:09:32

Health: -6/51      AC:  9    Str: 13    XL:     6   Next: 67%
Magic:  6/6        EV: 14    Int: 11    God:
Gold:   338        SH:  0    Dex: 15    Spells: 2/5 levels left

rFire    + . .     SeeInvis +   B - +0 trident
rCold    x . .     Gourm    +   (no shield)
rNeg     . . .     Faith    .   (armour unavailable)
rPois    .         Spirit   .   (helmet restricted)
rElec    .         Reflect  .   (no cloak)
rCorr    .         Harm     .   (no gloves)
MR       .....                  f - +2 pair of boots
Stlth    ++........             l - amulet of the gourmand
HPRegen  0.17/turn              m - ring of see invisible
MPRegen  0.10/turn              x - ring of fire

@: slowed, very slow
A: unfitting armour, cold-blooded, AC +6
a: no special abilities


You were on level 5 of the Dungeon.
You were very full.

You visited 1 branch of the dungeon, and saw 5 of its levels.

You collected 338 gold pieces.

Inventory:

Hand Weapons
 a - a +0 spear
 B - a +0 trident (weapon)
Missiles
 A - 193 stones (quivered)
Armour
 f - a +2 pair of boots (worn)
Jewellery
 j - an uncursed amulet of faith
 l - an amulet of the gourmand (around neck)
 m - a ring of see invisible (left hand)
 x - a ring of fire (right hand)
Wands
 u - a wand of digging (10/24)
Scrolls
 e - 5 scrolls of identify {unknown}
 g - 3 scrolls of fog {unknown}
 k - 3 scrolls of teleportation {unknown}
 p - a scroll of magic mapping {unknown}
 q - 4 scrolls of enchant armour {unknown}
 s - 3 scrolls of fear {unknown}
 t - a scroll of immolation {unknown}
 v - 2 scrolls of enchant weapon {unknown}
 w - 3 scrolls of remove curse {unknown}
 z - 3 scrolls of recharging {unknown}
Potions
 c - a potion of magic {unknown}
 h - 3 potions of invisibility {unknown}
 i - a potion of flight {unknown}
 n - 2 potions of haste {unknown}
 o - a potion of brilliance {unknown}
 r - 2 potions of mutation {unknown}
 E - a potion of heal wounds {unknown}
 F - 2 potions of lignification {unknown}
Books
 y - a book of Geomancy

   Spells                             Type                      Level
   a - Sandblast                      Earth                        1
   b - Passwall                       Transmutation/Earth          2
   c - Stone Arrow                    Conjuration/Earth            3
   d - Petrify                        Transmutation/Earth          4
   e - Lee's Rapid Deconstruction     Earth                        5
Comestibles
 b - 6 bread rations
 d - 3 royal jellies
 C - 3 meat rations


   Skills:
 - Level 3.2 Fighting
 * Level 5.9 Polearms
 + Level 3.9 Dodging
 - Level 3.0 Stealth
 + Level 1.7 Earth Magic
 - Level 1.1 Evocations


You had 2 spell levels left.
You knew the following spells:

 Your Spells              Type           Power        Failure   Level  Hunger
a - Sandblast             Erth           #.....       19%         1    ##.....
b - Passwall              Tmut/Erth      #.........   36%         2    ###....


Dungeon Overview and Level Annotations

Branches:
Dungeon (5/15)
 Temple: D:4-7

Altars:
Ashenzari
Qazlal


Innate Abilities, Weirdness & Mutations

Your plain brown scales are hard. (AC +6)
You cannot fit into any form of body armour.
You are cold-blooded and may be slowed by cold attacks.


Message History

The ice beast is moderately wounded.
The ice beast hits you. The ice beast freezes you!
You feel a terrible chill!
You hit the ice beast but do no damage.
You tail-slap the ice beast, but do no damage.
The ice beast is moderately wounded.
The ice beast closely misses you.
You hit the ice beast.
Your tail-slap misses the ice beast.
The ice beast is severely wounded.
The ice beast closely misses you.
You completely miss the ice beast.
The ice beast is severely wounded.
The ice beast hits you. The ice beast freezes you!
You feel a terrible chill!
* * * LOW HITPOINT WARNING * * *
You hit the ice beast.
The ice beast is almost dead.
The ice beast hits you.
* * * LOW HITPOINT WARNING * * *
The ice beast freezes you!!
You feel a terrible chill!
You feel yourself slow down.
You die...

.##.############.#.#
.#...............#.#
.#..##############.#
...................#
####################
...................#
.#################.#
.########........#.#
..........######@#.#
########### #Y#.#
#<#.#
##################.#
...................#
##################.#
###


You could see an ice beast.

Vanquished Creatures
  A phantom (D:5)
  A crimson imp (D:5)
  2 hounds (D:4)
  An iguana (D:4)
  2 worker ants
  4 adders
  An ooze (D:3)
  2 adder skeletons
  6 worms
  A dart slug (D:2)
  2 leopard geckos
  10 orcs
  3 ball pythons
  8 giant cockroaches
  10 goblins
  7 hobgoblins
  6 jackals
  4 quokkas
  8 bats
  7 frilled lizards
  9 kobolds
  8 rats
103 creatures vanquished.

Notes
Turn   | Place    | Note
-------+----------+-------------------------------------------
     0 | D:1      | KKCryptic the Draconian Monk began the quest for the Orb.
     0 | D:1      | Reached XP level 1. HP: 19/19 MP: 1/1
   100 | D:1      | Reached XP level 2. HP: 25/26 MP: 2/2
   714 | D:2      | Reached XP level 3. HP: 24/31 MP: 3/3
  1091 | D:2      | Reached skill level 4 in Polearms
  1291 | D:2      | Reached XP level 4. HP: 34/38 MP: 4/4
  1314 | D:2      | Found a shattered altar of Ashenzari.
  1318 | D:2      | Saw a vision of the Swamp and the Spider Nest.
  1318 | D:2      | Noticed a swamp drake
  1318 | D:2      | Noticed a redback
  1318 | D:2      | Noticed a redback
  1318 | D:2      | Noticed a redback
  1319 | D:2      | Noticed a redback
  1319 | D:2      | Noticed a wolf spider
  1706 | D:3      | Found a stormy altar of Qazlal.
  2051 | D:4      | Reached XP level 5. HP: 39/45 MP: 5/5
  2176 | D:4      | Reached skill level 5 in Polearms
  2176 | D:4      | Reached skill level 1 in Evocations
  2387 | D:4      | Learned a level 1 spell: Sandblast
  2390 | D:4      | Learned a level 2 spell: Passwall
  3318 | D:5      | Entered Level 5 of the Dungeon
  3429 | D:5      | Noticed a phantom
  3459 | D:5      | Killed a phantom
  3459 | D:5      | Reached skill level 1 in Earth Magic
  3459 | D:5      | Reached XP level 6. HP: 45/51 MP: 6/6
  4038 | D:5      | Noticed an ice beast
  4051 | D:5      | Mangled by an ice beast

Vault maps used:
D:1:      dpeg_arrival_erosion
D:2:      grunt_ashenzari_visionary
D:3:      grunt_qazlal_clouds
D:5:      corexii_shack_village, first_bread, fountainhead

Skill      XL: |  1  2  3  4  5 |
---------------+----------------+-----
Stealth        | 2 3 |  3.0
Dodging        | 3 |  3.9
Polearms       | 4 5 |  5.9
Evocations     | 1 |  1.1
Earth Magic    | 1 |  1.7
Fighting       | |  3.2

Action                   |  1- 3 |  4- 6 || total
-------------------------+-------+-------++-------
Melee: Spear             |   170 |   235 ||   405
       Tailslap          |    23 |    48 ||    71
       Trident           |       |    85 ||    85
 Stab: Sleeping          |    12 |    17 ||    29
  Eat: Chunk             |     7 |    11 ||    18
Armor: Skin              |    25 |    69 ||    94
Dodge: Dodged            |    67 |   154 ||   221
